 Dungeon Crawl Stone Soup version 0.17-a0-226-ge260c71 (webtiles) character file.

58 xeno23 the Conjurer (level 3, 0/26 HPs)
             Began as a Draconian Conjurer on Mar 28, 2015.
             Slain by a goblin
             ... wielding a +0 dagger
             ... led by Robin
              (2 damage)
             ... on level 3 of the Dungeon.
             The game lasted 00:07:51 (1543 turns).

xeno23 the Conjurer (Draconian Conjurer)            Turns: 1543, Time: 00:07:51

Health: 0/26       AC:  5    Str: 15    XL:     3   Next: 75%
Magic:  0/6        EV: 13    Int: 16    God:
Gold:   26         SH:  0    Dex: 11    Spells: 1 memorised, 5 levels left

rFire  . . .     SeeInvis .     d - +0 dagger
rCold  . . .     Clarity  .     (armour unavailable)
rNeg   . . .     SustAb   .     (no shield)
rPois  +         Gourm    .     (helmet restricted)
rElec  .         Spirit   .     (no cloak)
rCorr  .         Warding  .     (no gloves)
rMut   .         Stasis   .     (no boots)
MR     .....                    (no amulet)
Stlth  ++........               i - ring of poison resistance
                                e - +1 ring of evasion

@: mighty, very slightly contaminated, not resistant to hostile enchantments,
unstealthy
A: unfitting armour, cold-blooded, AC +5
a: no special abilities


You were on level 3 of the Dungeon.
You were hungry.

You visited 1 branch of the dungeon, and saw 3 of its levels.

You collected 26 gold pieces.

Inventory:

Hand weapons
 d - a +0 dagger (weapon)
Jewellery
 e - a +1 ring of evasion (left hand)
 i - a ring of poison resistance (right hand)
Books
 c - a book of Conjurations

   Spells                             Type                      Level
   a - Magic Dart                     Conjuration                  1
   b - Searing Ray                    Conjuration                  2
   c - Dazzling Spray                 Conjuration/Hexes            3
   d - Fulminant Prism                Conjuration/Hexes            4
   e - Iskenderun's Mystic Blast      Conjuration                  4
   f - Iskenderun's Battlesphere      Conjuration/Charms           5
Comestibles
 a - a meat ration
 b - 3 bread rations
 g - a chunk of flesh
 h - a beef jerky


   Skills:
 - Level 1.7 Dodging
 - Level 2.1 Stealth
 - Level 2.3 Spellcasting
 * Level 5.1 Conjurations


You had 5 spell levels left.
You knew the following spells:

 Your Spells              Type           Power        Failure   Level  Hunger
a - Magic Dart            Conj           ###.         2%          1    #......


Dungeon Overview and Level Annotations

Branches:
Dungeon (3/15)

Altars:

Annotations:
D:2 Robin


Innate Abilities, Weirdness & Mutations

Your plain brown scales are hard (AC +5).
Your body does not fit into most forms of armour.
You are cold-blooded and may be slowed by cold attacks.


Message History

The hobgoblin closely misses you.
You hit the hobgoblin.
The hobgoblin is almost dead.
The hobgoblin closely misses you. The goblin misses you.
You hit the hobgoblin.
You kill the hobgoblin!
The hobgoblin hits you with a club.
* * * LOW HITPOINT WARNING * * *
The goblin closely misses you.
Drink which item? (? for menu, Esc to quit)
It was a potion of might.
You feel very mighty all of a sudden. The hobgoblin hits you with a club.
* * * LOW HITPOINT WARNING * * *
The goblin hits you but does no damage.
You take 1 damage.
You hit the hobgoblin!
You kill the hobgoblin!
The goblin hits you with a dagger.
You die...

#########
#@).....#
#gS....(..
#.#####.#
#.. #..
#..# #..#
#... #.#


You could see an adder and a goblin.

Vanquished Creatures
  An adder (D:2)
  A worm (D:2)
  A giant gecko (D:1)
  8 hobgoblins
  6 bats
  A giant cockroach (D:1)
  9 giant newts (D:1)
  6 goblins
  3 jackals (D:2)
  4 kobolds
  2 rats (D:1)
42 creatures vanquished.

Notes
Turn   | Place    | Note
--------------------------------------------------------------
     0 | D:1      | xeno23, the Draconian Conjurer, began the quest for the Orb.
     0 | D:1      | Reached XP level 1. HP: 14/14 MP: 3/3
     2 | D:1      | Noticed a tengu
     2 | D:1      | Noticed a demigod
     4 | D:1      | Noticed a vine stalker
     6 | D:1      | Noticed a gargoyle
     6 | D:1      | Noticed a spriggan
    10 | D:1      | Noticed a felid
    12 | D:1      | Noticed an ogre
    12 | D:1      | Noticed a demonspawn
    14 | D:1      | Noticed an octopode
    14 | D:1      | Noticed an elf
    22 | D:1      | Noticed a centaur
    22 | D:1      | Noticed a draconian
    24 | D:1      | Noticed a troll
    26 | D:1      | Noticed a ghoul
    26 | D:1      | Noticed a human
    28 | D:1      | Noticed a minotaur
    28 | D:1      | Noticed a vampire
    30 | D:1      | Noticed a dwarf
    30 | D:1      | Noticed a naga
    32 | D:1      | Noticed a merfolk
    32 | D:1      | Noticed a formicid
   428 | D:1      | Reached XP level 2. HP: 18/20 MP: 4/4
  1015 | D:2      | Reached XP level 3. HP: 26/26 MP: 2/6
  1501 | D:2      | Reached skill level 5 in Conjurations
  1504 | D:2      | Noticed Robin
  1543 | D:3      | Slain by a goblin

Action                   || total
-------------------------++-------
Melee: Dagger            ||   146
       Unarmed           ||     7
 Cast: Magic Dart        ||    43
  Use: Potion            ||     1
 Stab: Sleeping          ||     1
  Eat: Chunk             ||     2
